Map: Interloper LE

Players

JulianBak

  • Race: Terran Terran
  • League: Bronze
  • Spawn Location: 11:00

Redri - Winner!

  • Race: Terran Terran
  • League: Bronze
  • Spawn Location: 5:00

VOD

Have the link to the VOD?

Description

Time

  • Played on: Aug. 21, 2017, 9:23 a.m.
  • Length: 13:35
Show
View Real Time Build Order
Export as new Build Order

JulianBak Terran 

Build Orders:  

Get SALT Encoding   

  12  0:00  SCV  
  13  0:18  Supply Depot  
  13  0:19  SCV  
  14  0:33  Supply Depot  
  14  0:45  Barracks  
  14  1:04  Barracks  
  14  1:10  SCV  
  15  1:22  SCV  
  16  1:28  Refinery  
  16  1:50  SCV  
  17  2:02  SCV  
  18  2:10  Engineering Bay  
  18  2:15  SCV  
  18  2:22  Marine  
  18  2:23  Marine  
  20  2:32  SCV  
  21  2:37  Terran Infantry Weapons Level 1  
  21  2:40  Marine x2  
  23  2:44  SCV  
  23  2:49  Refinery  
  24  2:58  Marine, Reaper  
  26  3:16  Marine  
  26  3:19  SCV  
  28  3:30  Marine  
  28  3:31  SCV  
  28  3:34  Marine  
  31  3:42  Command Center  
  31  3:54  Supply Depot  
  31  3:55  Barracks  
  31  3:56  Supply Depot  
  31  3:57  Orbital Command  
  31  4:08  Factory  
  32  4:19  Marine  
  32  4:23  Marine  
  33  4:32  Terran Infantry Armor Level 1  
  33  4:47  Marine x2  
  35  4:54  Factory Tech Lab  
  35  5:02  Starport  
  35  5:05  Marine x2  
  37  5:10  SCV  
  38  5:22  SCV  
  38  5:23  Marine x2  
  38  5:24  Cyclone  
  44  5:34  SCV  
  45  5:38  Supply Depot  
  45  5:40  Marine  
  45  5:41  Marine  
  47  5:44  Medivac  
  47  5:46  SCV  
  50  5:57  Liberator  
  50  5:58  SCV  
  50  6:01  Marine x2  
  53  6:10  SCV  
  57  6:19  Marine  
  57  6:22  Armory, Marine  
  57  6:23  SCV  
  60  6:27  Siege Tank  
  63  6:37  Marine  
  64  6:40  Marine  
  65  6:52  Missile Turret  
  65  6:55  Marine  
  65  6:57  Marine  
  67  7:21  Missile Turret  
  67  7:36  Sensor Tower  
  67  7:37  Refinery  
  67  7:39  SCV  
  68  7:47  Viking  
  70  8:06  SCV, Marine x2  
  70  8:10  Supply Depot  
  70  8:11  Supply Depot  
  73  8:13  Supply Depot  
  73  8:17  Viking  
  73  8:18  SCV  
  76  8:23  Marine x2  
  67  8:41  Marine x2  
  67  8:47  Viking  
  71  8:54  Cyclone  
  74  8:59  Marine x2  
  76  9:17  Marine x2, Viking  
  69  9:26  Cyclone  
  53  9:35  Marine x2  
  29  9:52  Marine x2  
  29  9:58  Cyclone  
  25  10:10  Marine x2  
  21  10:28  Marine  
  21  10:30  Cyclone  
  16  10:46  Marine  
  16  10:59  Planetary Fortress  
  16  11:04  Marine  
  17  11:17  Barracks  
  17  11:19  Barracks  
  17  11:20  Barracks  
  17  11:21  Barracks  
  12  11:55  Viking  
  16  12:05  Marine x2  
  16  12:06  Marine  
  17  12:23  Marine x2  
  17  12:24  Marine  
  17  12:25  Viking  
  17  12:29  Marine  
  15  12:41  Marine x3  
  14  12:47  Marine  
  8  12:55  Viking  
  8  12:59  Marine x3  
  8  13:05  Marine  
Show
View Real Time Build Order
Export as new Build Order

Redri Terran - Winner!

Build Orders:  

Get SALT Encoding   

  12  0:01  SCV  
  13  0:14  SCV  
  14  0:18  Supply Depot  
  14  0:26  SCV  
  15  0:39  SCV  
  15  0:41  Barracks  
  16  0:47  Refinery  
  16  0:51  SCV  
  17  1:04  SCV  
  18  1:16  SCV  
  19  1:28  Marine  
  19  1:29  Orbital Command  
  20  1:38  Supply Depot  
  20  1:46  Marine  
  21  1:51  Factory  
  21  1:58  SCV  
  22  2:04  Marine  
  22  2:05  Supply Depot  
  23  2:11  SCV  
  24  2:22  Marine  
  25  2:23  SCV  
  25  2:28  Command Center  
  26  2:35  SCV  
  27  2:42  Factory Tech Lab  
  27  2:43  Barracks Reactor  
  27  2:47  SCV  
  27  2:50  Refinery  
  28  2:53  Supply Depot  
  28  2:59  SCV  
  28  3:03  Siege Tank  
  32  3:11  SCV  
  33  3:23  Supply Depot  
  33  3:25  Marine x2  
  35  3:38  Starport  
  35  3:49  Marine x2  
  37  3:57  Siege Tank  
  37  3:58  Barracks  
  37  4:00  Barracks  
  40  4:04  Supply Depot  
  40  4:05  SCV  
  41  4:18  SCV x2  
  43  4:29  Marine x2  
  45  4:37  Starport Reactor  
  45  4:45  Supply Depot  
  45  4:46  Supply Depot  
  45  4:48  Marine  
  45  4:49  Marine  
  45  4:50  Supply Depot  
  45  4:52  Barracks Reactor, Barracks Tech Lab  
  47  4:58  Siege Tank  
  50  5:11  SCV  
  51  5:14  Orbital Command  
  51  5:22  Marine x2  
  51  5:23  SCV  
  51  5:24  Marine  
  51  5:26  Medivac  
  57  5:35  Refinery  
  57  5:37  SCV, Refinery  
  58  5:49  SCV  
  59  6:02  SCV  
  60  6:04  Barracks Reactor  
  60  6:13  Marine x2  
  60  6:14  Marine  
  60  6:16  Siege Tank  
  60  6:17  Medivac  
  68  6:25  SCV x2  
  70  6:34  Marine, Engineering Bay  
  70  6:35  Marine x2  
  70  6:36  Engineering Bay  
  70  6:37  SCV x2  
  75  6:40  Marine x2  
  75  6:43  Medivac  
  75  6:47  Medivac  
  79  6:49  SCV  
  79  6:50  SCV  
  79  6:52  Marine  
  84  7:01  SCV  
  84  7:02  SCV  
  86  7:11  Marine x5  
  86  7:13  Siege Tank  
  86  7:14  Medivac  
  96  7:16  SCV x2  
  96  7:17  Medivac  
  100  7:28  SCV x2  
  102  7:47  Terran Infantry Weapons Level 1  
  102  7:51  Terran Infantry Armor Level 1  
  102  8:08  Command Center  
  102  8:10  Stimpack  
  102  8:25  Marine x2  
  102  8:35  Marine  
  102  8:36  Marine  
  102  8:37  Marine  
  102  8:38  Medivac  
  102  8:40  Medivac  
  101  8:42  Marine  
  102  9:19  SCV x2, Siege Tank, Marine x5, Medivac  
  102  9:23  Missile Turret  
  112  9:24  Missile Turret x2  
  112  9:28  Missile Turret  
  112  9:31  Missile Turret  
  106  9:32  SCV x2  
  106  9:37  Marine x3  
  111  9:44  SCV x2  
  108  9:56  SCV  
  109  10:02  SCV x2  
  109  10:03  Marine x3  
  109  10:04  Marine x2  
  109  10:05  Siege Tank  
  116  10:08  SCV  
  116  10:14  SCV  
  117  10:33  Marine  
  117  10:35  Marine  
  117  10:36  Marine  
  117  10:37  SCV  
  117  11:10  Starport  
  117  11:12  Starport  
  117  11:15  Starport  
  117  11:36  SCV  
  117  11:42  SCV x2  
  117  11:43  Marine, Viking  
  117  11:44  Marine  
  117  11:46  Marine  
  117  11:47  Marine x2  
  117  12:18  Refinery  
  117  12:21  Refinery  
  117  12:22  Missile Turret  
  117  12:23  Missile Turret  
  117  12:24  Missile Turret  
  117  12:26  Missile Turret  
  117  12:28  SCV, Marine  
  117  12:30  SCV  
  117  12:36  Marine x2  
  117  13:04  Marine x2  
  117  13:06  SCV x2  
  117  13:07  SCV  
Tags
 
Matchup
TvT
Race
Terran
Spawn Locations
Cross Positions
Add a new tag
Caveats
  • Supply blocks, unpowered buildings, or Contaminate may cause inaccurate times.
  • Supply counts are checked every 10 seconds.